 Dungeon Crawl Stone Soup version 0.28-a0-1312-g71652a0310 (webtiles) character file.

Game seed: 12247588953628969647

1625 rogsnak the Conjurer (level 8, -11/53 HPs)
             Began as a Demonspawn Air Elementalist on Dec 27, 2021.
             Killed from afar by Maggie (14 damage)
             ... with a bolt of fire
             ... on level 6 of the Dungeon.
             The game lasted 00:13:27 (8177 turns).

rogsnak the Conjurer (Demonspawn Air Elementalist)  Turns: 8177, Time: 00:13:28

Health: -11/53     AC: 10    Str:  9    XL:     8   Next: 65%
Magic:  8/16       EV: 13    Int: 18    God:
Gold:   295        SH:  0    Dex: 20    Spells: 10/18 levels left

rFire   . . .      SeeInvis .   l - staff of conjuration
rCold   . . .      Faith    .   (no shield)
rNeg    . . .      Spirit   .   a - +0 robe
rPois   .          Reflect  .   (no helmet)
rElec   .          Harm     .   x - +0 cloak
rCorr   .          Rampage  .   (no gloves)
Will    .....                   v - +0 pair of boots
Stlth   ++........              (no amulet)
HPRegen 0.17/turn               j - +4 ring of protection
MPRegen 0.15/turn               w - +6 ring of dexterity

@: mesmerised
A: thin metallic scales 1, demonic guardian 2, demonic touch 1
a: no special abilities


You were on level 6 of the Dungeon.
You visited 2 branches of the dungeon, and saw 7 of its levels.

You collected 295 gold pieces.

Inventory:

Hand Weapons
 b - a +0 club
 h - a +0 dagger of venom
 m - a +3 short sword
Missiles
 c - 3 boomerangs
 i - 24 poisoned darts
Armour
 a - a +0 robe (worn)
 n - a scarf of harm
 r - a +0 kite shield
 v - a +0 pair of boots (worn)
 x - a +0 cloak (worn)
Magical Staves
 l - a staff of conjuration (weapon)
Jewellery
 j - a +4 ring of protection (left hand)
 s - a ring of resist corrosion
 w - a +6 ring of dexterity (right hand)
Scrolls
 d - 2 scrolls of fog {unknown}
 f - 2 scrolls of summoning {unknown}
 k - 2 scrolls of teleportation {unknown}
 o - a scroll of holy word {unknown}
 p - a scroll of acquirement {unknown}
 u - a scroll of identify {unknown}
 y - a scroll of noise {unknown}
Potions
 e - a potion of curing {unknown}
 g - a potion of berserk rage {unknown}
 q - 2 potions of lignification {unknown}
 t - a potion of mutation {unknown}
 z - a potion of flight {unknown}
 A - a potion of resistance {unknown}


   Skills:
 + Level 0.6 Fighting
 + Level 2.6 Dodging
 - Level 1.7 Stealth
 + Level 5.6 Spellcasting
 * Level 7.0 Conjurations
 + Level 5.8 Air Magic


You had 10 spell levels left.
You knew the following spells:

 Your Spells              Type           Power      Damage    Failure   Level
a - Shock                 Conj/Air       100%       1d9       1%          1
b - Swiftness             Air            26%        N/A       3%          3
c - Airstrike             Air            13%        N/A       11%         4

Your spell library contained the following spells:

 Spells                   Type           Power      Damage    Failure   Level
 Static Discharge         Conj/Air       42%        N/A       1%          2
 Apportation              Tloc           10%        N/A       13%         1
 Sting                    Tmut/Pois      20%        1d4       13%         1
 Portal Projectile        Hex/Tloc       10%        N/A       36%         3
 Alistair's Intoxication  Tmut/Pois      3%         N/A       98%         5
 Blade Hands              Tmut           2%         N/A       98%         5
 Excruciating Wounds      Necr           2%         N/A       98%         5


Dungeon Overview and Level Annotations

Branches:
Dungeon (6/15)             Temple (1/1) D:5

Altars:
Ashenzari
Cheibriados
Dithmenos
Fedhas
Gozag
Kikubaaqudgha
Makhleb
Nemelex Xobeh
Okawaru
Qazlal
Ru
Trog
Vehumet
Wu Jian
Xom
Yredelemnul
The Shining One

Annotations:
D:3 2 transporters, SirDiesAlot's ghost, amateur MiDe
D:6 Maggie


Innate Abilities, Weirdness & Mutations

You are partially covered in thin metallic scales. (AC +2)
A demonic guardian rushes to your aid.
Your touch may inflict minor irresistible damage on your foes.


Message History

Casting: Shock (safe; 1% risk of failure)
Confirm with . or Enter, or press ? or * to list all spells.
Aiming: Shock (safe; 1% risk of failure)
Press: ? - help, Shift-Dir - straight line, f - orc priest, p - Maggie
Aim: an orc priest, wielding a +0 flail (almost dead, 74% to hit)
You feel a surge of power!
The zap misses the orc priest.
Maggie casts a spell at you. The bolt of fire hits your ice devil!
Your ice devil is burned terribly!
The bolt of fire hits you!
* * * LOW HITPOINT WARNING * * *
The orc priest mumbles some strange prayers to Beogh against you.
Beogh smites you!
* * * LOW HITPOINT WARNING * * *
Unknown command.
Unknown command.
Casting: Shock (safe; 1% risk of failure)
Confirm with . or Enter, or press ? or * to list all spells.
Aiming: Shock (safe; 1% risk of failure)
Press: ? - help, Shift-Dir - straight line, f/p - orc priest
Aim: an orc priest, wielding a +0 flail (almost dead, 74% to hit)
You feel a surge of power!
The zap misses the orc priest.
Maggie hits your ice devil with a +0 glaive.
The orc wizard casts a spell.
The orc wizard flickers and vanishes!
Unknown command.
Unknown command.
Casting: Shock (safe; 1% risk of failure)
Confirm with . or Enter, or press ? or * to list all spells.
Aiming: Shock (safe; 1% risk of failure)
Press: ? - help, Shift-Dir - straight line, f/p - orc priest
Aim: an orc priest, wielding a +0 flail (almost dead, 74% to hit)
You feel a surge of power!
The zap misses the orc priest.
The zap hits something!
Your ice devil hits Maggie.
Your ice devil freezes Maggie!
Maggie points at you and mumbles some strange words.
The bolt of fire hits your ice devil!
Your ice devil is burned terribly!
The bolt of fire hits you!
You die...

.....$.....#..
.).........#. .
............ ..
.>.........#...
...{)........ .
...........#...
...?.o......#
.:..@4.@?...#
#######....##
##...# ...#
#..# ###


You could see Maggie (mesmerising, ally target), an orc priest and a friendly
ice devil (summoned).

Vanquished Creatures
  Grinder (D:4)
  A necrophage (D:5)
  A black bear (D:3)
  A centaur (D:4)
  2 ogres
  3 phantoms
  A water moccasin zombie (D:5)
  A scorpion (D:5)
  2 jellies
  2 howler monkeys
  A bullfrog skeleton (D:5)
  6 hounds
  An iguana (D:4)
  An orc wizard (D:4)
  Robin (D:4)
  4 gnolls
  5 adders
  A white imp (D:5)
  An adder skeleton (D:4)
  4 worms (D:2)
  4 dart slugs
  15 orcs
  2 bats
  9 endoplasms
  7 giant cockroaches
  7 hobgoblins
  4 jackals (D:4)
  11 kobolds
  2 quokkas
  6 ball pythons
  2 frilled lizards
  22 goblins
  8 rats
139 creatures vanquished.

Notes
Turn   | Place    | Note
-------+----------+-------------------------------------------
     0 | D:1      | rogsnak the Demonspawn Air Elementalist began the quest for
                  | the Orb.
     0 | D:1      | Reached XP level 1. HP: 13/13 MP: 3/3
    42 | D:1      | Found a faded altar of an unknown god.
   284 | D:1      | Got Plato's Volume of Intoxication
   429 | D:1      | Gained mutation: Your touch may inflict minor irresistible
                  | damage on your foes. [demonic ancestry]
   429 | D:1      | Reached XP level 2. HP: 19/19 MP: 1/5
  1787 | D:2      | Reached XP level 3. HP: 24/24 MP: 4/6
  1932 | D:2      | Reached skill level 2 in Conjurations
  2752 | D:2      | Reached XP level 4. HP: 30/30 MP: 5/7
  3670 | D:3      | Found an opulent altar of Gozag.
  3689 | D:3      | Noticed SirDiesAlot's ghost (amateur MiDe)
  3690 | D:3      | Found a transporter.
  3749 | D:3      | Found a transporter.
  3983 | D:3      | Gained mutation: A weak demonic guardian rushes to your
                  | aid. [demonic ancestry]
  3983 | D:3      | Reached XP level 5. HP: 35/35 MP: 3/9
  4366 | D:4      | Noticed Robin
  4376 | D:3      | Reached skill level 3 in Conjurations
  4521 | D:4      | Noticed a phantom
  4526 | D:4      | Killed Robin
  4601 | D:3      | Killed a phantom
  4602 | D:3      | Gained mutation: You are partially covered in thin metallic
                  | scales. (AC +2) [demonic ancestry]
  4602 | D:3      | Reached XP level 6. HP: 34/41 MP: 4/10
  4903 | D:3      | Reached skill level 4 in Conjurations
  5339 | D:4      | Reached XP level 7. HP: 43/47 MP: 3/12
  5421 | D:4      | Noticed Grinder
  5430 | D:4      | Learned a level 3 spell: Swiftness
  5435 | D:4      | Learned a level 4 spell: Airstrike
  5578 | D:4      | Found a snail-covered altar of Cheibriados.
  5880 | D:4      | Reached skill level 5 in Conjurations
  6098 | D:4      | Killed Grinder
  6099 | D:4      | Reached skill level 5 in Air Magic
  6265 | D:4      | Gained mutation: A demonic guardian rushes to your aid.
                  | [demonic ancestry]
  6265 | D:4      | Reached XP level 8. HP: 53/53 MP: 5/15
  6433 | D:4      | Reached skill level 6 in Conjurations
  6600 | D:5      | Entered Level 5 of the Dungeon
  6652 | D:5      | Reached skill level 5 in Spellcasting
  7741 | D:5      | Reached skill level 7 in Conjurations
  7869 | D:5      | Found a staircase to the Ecumenical Temple.
  7972 | Temple   | Entered the Ecumenical Temple
  8120 | D:5      | Found a burning altar of Makhleb.
  8120 | D:5      | Noticed a blizzard demon
  8123 | D:5      | Noticed a hellwing
  8123 | D:5      | Noticed a hellwing
  8163 | D:6      | Noticed Maggie
  8175 | D:6      | HP: 2/53 [orc priest/divine providence (13)]
  8177 | D:6      | Killed from afar by Maggie

Illustrated notes

Levels and vault maps discovered:
D:1:      heliophobic_arrival_henge, layout_basic,
          shapermc_ecumenical_altar_rom_forum
D:2:      layout_basic
D:3:      layout_loops_ring, grunt_gozag_statues, gammafunk_ghost_stat_death,
          minmay_misc_feat_enclosed
D:4:      minmay_bubble_buster, layout_basic, lemuel_tele_altar, st_stairs_10,
          corexii_hall_statues_s, uniq_grinder, uniq_robin
D:5:      layout_loops_corners, makhleb_altar_promises_db,
          minmay_temple_entry_antechambers
D:6:      layout_rooms, beargit_hepliaklqana_dungeon_heroes, chequers_big_river,
          minmay_misc_feat_five, hangedman_decor_points, uniq_menkaure,
          uniq_maggie
Temple:   eino_temple_lava

Skill      XL: |  1  2  3  4  5  6  7  8 |
---------------+-------------------------+-----
Air Magic      | 3 4 5 |  5.8
Dodging        | 2 |  2.6
Conjurations   | 2 3 4 5 7 |  7.0
Spellcasting   | 3 4 5 |  5.6
Fighting       | |  0.6
Stealth        | |  1.7

Action                   |  1- 3 |  4- 6 |  7- 9 || total
-------------------------+-------+-------+-------++-------
Melee: Unarmed           |    19 |       |       ||    19
       Club              |    16 |       |       ||    16
       Dagger            |     7 |    10 |       ||    17
       Touch             |     3 |     4 |       ||     7
       Staff             |       |     3 |     5 ||     8
 Cast: Shock             |    84 |   121 |   132 ||   337
 Stab: Sleeping          |       |     1 |       ||     1
Armor: Robe              |    15 |    14 |    19 ||    48
Dodge: Dodged            |    30 |    32 |    33 ||    95

Table legend: (Time is in decaauts)
 A = Elapsed time spent in this place.
 B = Non-inter-level travel time spent in this place.
 C = Inter-level travel time spent in this place.
 D = Time resting spent in this place.
 E = Time spent auto-exploring this place.
 F = Levels seen in this place.
 G = Mean time per level.
                   A        B        C        D        E       F      G
               +--------+--------+--------+--------+--------+-----+--------+
         Total |   8188 |   8009 |    179 |   2240 |   4582 |   7 | 1169.7 |
       Dungeon |   8165 |   7987 |    178 |   2240 |   4582 |   6 | 1360.8 |
        Temple |     23 |     23 |      0 |      0 |      0 |   1 |   23.0 |
               +--------+--------+--------+--------+--------+-----+--------+

Top non-repeatable levels by time:
     D:2: 1934 daAuts
     D:4: 1660 daAuts
     D:3: 1612 daAuts
     D:5: 1483 daAuts
     D:1: 1462 daAuts
  Temple: 23 daAuts
     D:6: 12 daAuts
